 Dungeon Crawl Stone Soup version 0.18.1-5-g4a78601 (webtiles) character file.

1065 Mefis the Magician (level 8, -2/41 HPs)
             Began as a Deep Elf Wizard on May 12, 2016.
             Was an Initiate of Sif Muna.
             Slain by a sky beast (6 damage)
             ... on level 5 of the Dungeon.
             The game lasted 00:23:10 (6258 turns).

Mefis the Magician (Deep Elf Wizard)                Turns: 6258, Time: 00:23:11

Health: -2/41      AC:  5    Str:  4    XL:     8   Next: 6%
Magic:  2/20       EV: 14    Int: 26    God:    Sif Muna [......]
Gold:   218        SH:  0    Dex: 13    Spells: 7 memorised, 5 levels left

rFire  . . .     SeeInvis .     L - -2 shortbow (curse)
rCold  . . .     Gourm    .     a - +0 robe
rNeg   . . .     Faith    .     (shield currently unavailable)
rPois  .         Spirit   .     o - +0 helmet
rElec  .         Dismiss  .     t - +0 cloak
rCorr  .         Reflect  .     B - +0 pair of gloves
SustAt .         Harm     .     (no boots)
MR     .....                    (no amulet)
Stlth  +++.......               (no ring)
                                (no ring)

@: repel missiles, not resistant to hostile enchantments, fairly stealthy
A: no striking features
a: Renounce Religion


You were on level 5 of the Dungeon.
You worshipped Sif Muna.
Sif Muna was noncommittal.
You were not hungry.

You visited 2 branches of the dungeon, and saw 7 of its levels.

You collected 218 gold pieces.

Inventory:

Hand Weapons
 e - a +0 dagger
 w - a +2 dagger of freezing
 x - a +0 rapier
 A - a +0 hunting sling
 L - a cursed -2 shortbow (weapon)
Missiles
 s - 8 poisoned needles
 E - 20 stones
 G - a sling bullet
 M - 7 arrows (quivered)
Armour
 a - a +0 robe (worn)
 b - a +0 hat
 o - a +0 helmet (worn)
 t - a +0 cloak (worn)
 B - a +0 pair of gloves (worn)
Jewellery
 f - an uncursed ring of magical power {unknown}
Wands
 I - a wand of random effects (33/48)
 J - a wand of paralysis (2/24)
Scrolls
 g - a scroll of blinking {unknown}
 i - a scroll of enchant weapon {unknown}
 k - a scroll of remove curse {unknown}
 l - a scroll of identify {unknown}
 m - a scroll of magic mapping {unknown}
 n - 4 scrolls of teleportation {unknown}
 q - a scroll of enchant armour {unknown}
 y - a scroll of immolation {unknown}
 D - 3 scrolls of holy word {unknown}
 F - 3 scrolls of amnesia {unknown}
 K - a scroll of random uselessness {unknown}
Potions
 h - 3 potions of curing {unknown}
 j - 2 potions of flight {unknown}
 p - a potion of heal wounds {unknown}
 u - 2 potions of might {unknown}
 v - 2 potions of berserk rage {unknown}
 C - a potion of mutation {unknown}
 H - a potion of magic {unknown}
Books
 c - a book of Minor Magic

   Spells                             Type                      Level
   a - Magic Dart                     Conjuration                  1
   b - Blink                          Translocation                2
   c - Call Imp                       Summoning                    2
   d - Repel Missiles                 Charms/Air                   2
   e - Slow                           Hexes                        2
   f - Conjure Flame                  Conjuration/Fire             3
   g - Mephitic Cloud                 Conjuration/Poison/Air       3
Comestibles
 d - 4 bread rations
 r - a meat ration
 z - a slice of pizza


   Skills:
 + Level 5.2 Dodging
 + Level 4.9 Stealth
 + Level 6.8 Spellcasting
 * Level 5.6 Conjurations
 + Level 4.1 Summonings
 - Level 1.1 Translocations
 + Level 2.1 Fire Magic


You had 5 spell levels left.
You knew the following spells:

 Your Spells              Type           Power        Failure   Level  Hunger
a - Magic Dart            Conj           ####         1%          1    None
b - Call Imp              Summ           ####....     1%          2    None
c - Blink                 Tloc           N/A          10%         2    None
d - Repel Missiles        Chrm/Air       #.....       12%         2    None
e - Mephitic Cloud        Conj/Pois/Air  ###.....     10%         3    None
f - Conjure Flame         Conj/Fire      ####....     4%          3    None
g - Slow                  Hex            #.......     12%         2    None


Dungeon Overview and Level Annotations

Branches:
Dungeon (6/15)             Temple (1/1) D:4

Altars:
Ashenzari
Cheibriados
Elyvilon
Fedhas
Gozag
Kikubaaqudgha
Makhleb
Nemelex Xobeh
Okawaru
Qazlal
Ru
Sif Muna
Trog
Xom
Yredelemnul
Zin
The Shining One

Annotations:
D:4 BulkMonkey's ghost, amateur DDCK
D:5 execc's ghost, novice FoFi
D:6 exclusion: upstairs


Message History

A metallic apparition takes form in the air.
Casting: Call Imp
Confirm with . or Enter, or press ? or * to list all spells.
A metallic apparition takes form in the air.
Execc's ghost hits your iron imp!
Your iron imp hits execc's ghost but does no damage.
Something hits your iron imp.
Your iron imp is killed!
Your iron imp barely misses execc's ghost.
Something hits you but does no damage.
Your iron imp hits something but does no damage.
Something hits execc's ghost but does no damage.
Your iron imp closely misses execc's ghost.
Something hits you but does no damage. Execc's ghost hits you!
* * * LOW HITPOINT WARNING * * *
Something hits you.
* * * LOW HITPOINT WARNING * * *
Something shocks you.
You die...

###### #..§.##
#'##..# #♣@♣##§#
##.{W##W#
#._.5.#.#
###8###.#######.
###.#.........
######.........###
#.......(...####
#...#.#####..#
###...# ##.###


You could see execc's ghost and a friendly iron imp.

Vanquished Creatures
  Eustachio (D:4)
  An ice beast (D:4)
  A centaur (D:5)
  2 ogres (D:4)
  A scorpion (D:4)
  3 wights (D:6)
  A crimson imp (D:5)
  3 hounds
  A giant frog skeleton (D:4)
  A centaur skeleton (D:4)
  An orc wizard (D:6)
  10 adders
  2 oozes
  2 worms
  7 giant geckos
  11 orcs
  6 giant cockroaches
  7 goblins
  8 hobgoblins
  7 kobolds
  A quokka (D:6)
  5 bats
  3 giant newts
  A jackal skeleton (D:4)
  A quokka skeleton (D:4)
  2 rats
89 creatures vanquished.

Vanquished Creatures (collateral kills)
  A wight (D:6)
1 creature vanquished.

Grand Total: 90 creatures vanquished

Notes
Turn   | Place    | Note
--------------------------------------------------------------
     0 | D:1      | Mefis the Deep Elf Wizard began the quest for the Orb.
     0 | D:1      | Reached XP level 1. HP: 10/10 MP: 7/7
   309 | D:1      | Reached XP level 2. HP: 15/15 MP: 6/9
   323 | D:1      | Learned a level 2 spell: Call Imp
   326 | D:1      | Learned a level 2 spell: Blink
   329 | D:1      | Learned a level 2 spell: Repel Missiles
  1040 | D:1      | Reached XP level 3. HP: 19/19 MP: 0/11
  1045 | D:1      | Learned a level 3 spell: Mephitic Cloud
  2172 | D:3      | Reached XP level 4. HP: 14/24 MP: 1/12
  3193 | D:4      | Found a staircase to the Ecumenical Temple.
  3209 | Temple   | Entered the Ecumenical Temple
  3313 | D:4      | Noticed an ogre
  3360 | D:4      | Killed an ogre
  3360 | D:4      | Reached skill level 5 in Spellcasting
  3360 | D:4      | Reached XP level 5. HP: 28/28 MP: 1/14
  3555 | D:4      | Noticed BulkMonkey's ghost (amateur DDCK)
  3560 | D:4      | Found a blossoming altar of Fedhas.
  3563 | D:4      | Found a stormy altar of Qazlal.
  3587 | D:4      | Noticed Eustachio
  3602 | D:4      | Killed Eustachio
  3602 | D:4      | Reached XP level 6. HP: 32/32 MP: 0/16
  3991 | D:4      | Reached XP level 7. HP: 36/36 MP: 7/17
  3996 | D:4      | Learned a level 3 spell: Conjure Flame
  3999 | D:4      | Learned a level 2 spell: Slow
  4625 | D:5      | Entered Level 5 of the Dungeon
  4647 | D:4      | Reached skill level 6 in Spellcasting
  4746 | D:5      | Noticed execc's ghost (novice FoFi)
  5002 | D:4      | Reached skill level 5 in Conjurations
  5161 | D:5      | Reached skill level 1 in Fire Magic
  5540 | D:6      | Reached skill level 5 in Dodging
  5976 | D:6      | Found an ancient bone altar of Kikubaaqudgha.
  6192 | D:5      | Reached XP level 8. HP: 39/41 MP: 11/20
  6238 | D:5      | Found a deep blue altar of Sif Muna.
  6240 | D:5      | Found a glowing golden altar of the Shining One.
  6249 | D:5      | Became a worshipper of Sif Muna the Loreminder
  6258 | D:5      | Slain by a sky beast

Skill      XL: |  1  2  3  4  5  6  7 |
---------------+----------------------+-----
Dodging        | 3 4 5 |  5.2
Conjurations   | 2 3 4 5 |  5.6
Stealth        | 3 4 |  4.9
Summonings     | 2 3 4 |  4.1
Spellcasting   | 5 6 |  6.8
Fire Magic     | 2 |  2.1
Translocations | |  1.1

Action                   |  1- 3 |  4- 6 |  7- 9 || total
-------------------------+-------+-------+-------++-------
Melee: Dagger            |     5 |     2 |    13 ||    20
       Rapier            |       |       |     1 ||     1
       Shortbow          |       |       |     1 ||     1
 Fire: Hunting sling     |       |       |    56 ||    56
       Shortbow          |       |       |     8 ||     8
 Cast: Magic Dart        |   104 |    86 |   114 ||   304
       Call Imp          |     1 |       |     7 ||     8
       Mephitic Cloud    |       |     6 |     4 ||    10
       Blink             |       |     1 |     3 ||     4
       Conjure Flame     |       |       |    16 ||    16
       Repel Missiles    |       |       |     1 ||     1
 Stab: Sleeping          |       |     2 |     3 ||     5
       Confused          |       |       |     2 ||     2
  Eat: Chunk             |     3 |     6 |     3 ||    12
       Bread ration      |       |       |     1 ||     1
Armor: Robe              |     6 |     2 |    11 ||    19
Dodge: Dodged            |    26 |     2 |    32 ||    60
